 Dungeon Crawl Stone Soup version 0.21.1-1-g345015f (webtiles) character file.

217 kae the Insei (level 5, -1/42 HPs)
             Began as a Draconian Transmuter on May 4, 2018.
             Slain by a gnoll
             ... wielding a +0 whip
              (11 damage)
             ... on level 3 of the Dungeon.
             The game lasted 00:02:30 (2949 turns).

kae the Insei (Draconian Transmuter)                Turns: 2949, Time: 00:02:31

Health: -1/42      AC:  5    Str: 12    XL:     5   Next: 62%
Magic:  2/9        EV: 12    Int: 14    God:
Gold:   88         SH:  0    Dex: 12    Spells: 3/9 levels left

rFire    . . .     SeeInvis .     - Unarmed
rCold    . . .     Gourm    .   (no shield)
rNeg     . . .     Faith    .   (armour unavailable)
rPois    .         Spirit   .   (helmet restricted)
rElec    .         Reflect  .   (no cloak)
rCorr    .         Harm     .   (no gloves)
MR       .....                  (no boots)
Stlth    +.........             g - amulet of regeneration
HPRegen  0.54/turn              (no ring)
MPRegen  0.11/turn              (no ring)

@: appendage, very slightly contaminated
A: unfitting armour, horns 2, cold-blooded, AC +5
a: End Transformation


You were on level 3 of the Dungeon.
You were not hungry.
You had grown temporary horns.
You visited 1 branch of the dungeon, and saw 3 of its levels.

You collected 88 gold pieces.

Inventory:

Missiles
 a - 12 arrows
Jewellery
 d - an uncursed ring of flight {unknown}
 g - an amulet of regeneration (around neck)
Scrolls
 e - a scroll of enchant weapon
 h - a scroll of identify
 j - a scroll of remove curse
Potions
 f - a potion of resistance {unknown}
 i - 2 potions of curing {unknown}
 k - 2 potions of might {unknown}
 l - 2 potions of ambrosia {unknown}
 o - a potion of magic {unknown}
Books
 b - a book of Changes

   Spells                             Type                      Level
   a - Beastly Appendage              Transmutation                1
   b - Sticks to Snakes               Transmutation                2
   c - Spider Form                    Transmutation/Poison         3
   d - Ice Form                       Ice/Transmutation            4
   e - Blade Hands                    Transmutation                5
Comestibles
 c - 7 rations
 m - a chunk of flesh


   Skills:
 + Level 2.3 Fighting
 - Level 1.7 Dodging
 * Level 4.5 Unarmed Combat
 + Level 2.8 Spellcasting
 * Level 3.7 Transmutations


You had 3 spell levels left.
You knew the following spells:

 Your Spells              Type           Power        Failure   Level  Hunger
a - Beastly Appendage     Tmut           ##....       4%          1    #......
b - Sticks to Snakes      Tmut           ##......     7%          2    ##.....
c - Spider Form           Tmut/Pois      #.........   30%         3    ###....


Dungeon Overview and Level Annotations

Branches:
Dungeon (3/15)

Altars:
Makhleb
Okawaru
Uskayaw


Innate Abilities, Weirdness & Mutations

Your plain brown scales are hard. (AC +5)
You cannot fit into any form of body armour.
You are cold-blooded and may be slowed by cold attacks.
You have a pair of horns on your head.


Message History

You closely miss the gnoll.
You kill the gnoll!
You hit the gnoll.
The gnoll is lightly wounded.
The gnoll hits you but does no damage.
You hit the gnoll but do no damage. Your headbutt misses the gnoll.
The gnoll is lightly wounded.
The gnoll hits you with a whip!
* * * LOW HITPOINT WARNING * * *
You barely miss the gnoll.
The gnoll is lightly wounded.
The gnoll hits you with a whip.
* * * LOW HITPOINT WARNING * * *
You hit the gnoll.
The gnoll is heavily wounded.
The gnoll hits you but does no damage.
You barely miss the gnoll.
The gnoll is heavily wounded.
The gnoll hits you with a whip!
You die...

# ######### .##
#.......#########.##
..
......(.((..@g......
.#
.#.###.#########.##
.# #.# .# #.# #.#
.#### #.# #.#
......#.# #[#
......#.###.##
......#.##...#
.....##.##...#


You could see a gnoll.

Vanquished Creatures
  A scorpion (D:2)
  3 gnolls (D:3)
  6 adders (D:2)
  4 worms
  4 dart slugs
  2 leopard geckos (D:1)
  2 orcs (D:3)
  2 ball pythons (D:2)
  3 giant cockroaches
  8 goblins
  5 hobgoblins
  4 jackals (D:2)
  A ball python skeleton (D:3)
  6 bats
  4 frilled lizards (D:2)
  8 kobolds
  6 rats
69 creatures vanquished.

Notes
Turn   | Place    | Note
-------+----------+-------------------------------------------
     0 | D:1      | kae the Draconian Transmuter began the quest for the Orb.
     0 | D:1      | Reached XP level 1. HP: 16/16 MP: 3/3
     0 | D:1      | Noticed an iron dragon
     0 | D:1      | Noticed an ice dragon
     1 | D:1      | Noticed an ice dragon
     3 | D:1      | Noticed an ice dragon
     5 | D:1      | Noticed an orb of fire
     6 | D:1      | Noticed an iron dragon
     7 | D:1      | Noticed an ice dragon
     8 | D:1      | Noticed a shadow dragon
    12 | D:1      | Noticed a purple draconian
    13 | D:1      | Noticed a shadow dragon
    14 | D:1      | Noticed a tentacled monstrosity
    14 | D:1      | Noticed an orb of fire
    16 | D:1      | Noticed a large abomination
    16 | D:1      | Noticed a shadow dragon
    16 | D:1      | Noticed an iron dragon
    19 | D:1      | Noticed a shadow dragon
    21 | D:1      | Noticed a shadow dragon
   168 | D:1      | Reached XP level 2. HP: 14/23 MP: 3/5
   846 | D:1      | Reached XP level 3. HP: 20/28 MP: 6/6
   930 | D:1      | Learned a level 2 spell: Sticks to Snakes
   934 | D:1      | Learned a level 3 spell: Spider Form
  1282 | D:2      | Noticed a scorpion
  1305 | D:2      | Killed a scorpion
  1305 | D:2      | Reached skill level 4 in Unarmed Combat
  1305 | D:2      | Reached XP level 4. HP: 12/36 MP: 4/7
  1760 | D:2      | Reached XP level 5. HP: 27/41 MP: 4/8
  2645 | D:2      | Found an iron altar of Okawaru.
  2672 | D:2      | Found a burning altar of Makhleb.
  2675 | D:2      | Found a hide-covered altar of Uskayaw.
  2949 | D:3      | Slain by a gnoll

Skill      XL: |  1  2  3 |
---------------+----------+-----
Fighting       | 2 |  2.3
Unarmed Combat | 4 |  4.5
Transmutations | 3 |  3.7
Dodging        | |  1.7
Spellcasting   | |  2.8

Action                   |  1- 3 |  4- 6 || total
-------------------------+-------+-------++-------
Melee: Unarmed           |   149 |   151 ||   300
       Tailslap          |    12 |    10 ||    22
       Headbutt          |     5 |     1 ||     6
       Punch             |     3 |       ||     3
 Cast: Beastly Appendage |     5 |     1 ||     6
       Spider Form       |     1 |     6 ||     7
  Use: Scroll            |       |     7 ||     7
 Stab: Sleeping          |     1 |       ||     1
  Eat: Chunk             |     1 |     7 ||     8
Armor: Skin              |    38 |    40 ||    78
Dodge: Dodged            |    82 |   128 ||   210
